 Dungeon Crawl Stone Soup version 0.28.0 (webtiles) character file.

Game seed: 1512226530843690866

303 crazypyro the Skirmisher (level 6, -1/67 HPs)
             Began as an Ogre Monk on Feb 14, 2022.
             Slain by a gnoll (7 damage)
             ... on level 3 of the Dungeon.
             The game lasted 00:04:25 (3404 turns).

crazypyro the Skirmisher (Ogre Monk)                Turns: 3404, Time: 00:04:25

Health: -1/67      AC:  4    Str: 18    XL:     6   Next: 38%
Magic:  6/6        EV: 10    Int: 11    God:
Gold:   81         SH:  0    Dex: 11    Spells: 5/5 levels left

rFire   . . .      SeeInvis .   s - +0 giant spiked club
rCold   . . .      Faith    .   (shield currently unavailable)
rNeg    . . .      Spirit   .   t - +0 robe {Will+}
rPois   .          Reflect  .   (helmet restricted)
rElec   .          Harm     .   q - +0 cloak
rCorr   .          Rampage  .   (gloves unavailable)
Will    +....                   (boots unavailable)
Stlth   ++........              (no amulet)
HPRegen 0.21/turn               (no ring)
MPRegen 0.10/turn               (no ring)

@: no status effects
A: large, unfitting armour, tough skin 1
a: no special abilities


You were on level 3 of the Dungeon.
You visited 1 branch of the dungeon, and saw 4 of its levels.

You collected 81 gold pieces.

Inventory:

Hand Weapons
 a - a +0 mace
 e - a +1 vampiric whip
 p - a +4 club
 r - a +0 giant club
 s - a +0 giant spiked club (weapon)
Armour
 b - a +0 robe
 q - a +0 cloak (worn)
 t - a +0 robe of willpower (worn)
Jewellery
 h - an amulet of guardian spirit
Scrolls
 c - a scroll of amnesia {unknown}
 f - a scroll of acquirement {unknown}
 g - a scroll of vulnerability {unknown}
 i - 3 scrolls of teleportation {unknown}
 k - 2 scrolls of magic mapping {unknown}
 l - a scroll of holy word {unknown}
 n - a scroll of identify {unknown}
Potions
 d - 2 potions of curing {unknown}
 j - a potion of attraction {unknown}
 m - a potion of magic {unknown}
 o - a potion of heal wounds {unknown}


   Skills:
 + Level 5.7 Fighting
 + Level 3.9 Maces & Flails
 + Level 3.9 Dodging
 + Level 2.8 Stealth


You had 5 spell levels left.
You didn't know any spells.
Your spell library was empty.

Dungeon Overview and Level Annotations

Branches:
Dungeon (4/15)
 Temple: D:4-7

Altars:

Shops:
D:1 ?


Innate Abilities, Weirdness & Mutations

You are too large for most types of armour.
You have tough skin. (AC +1)


Message History

The ufetubus hits you but does no damage.
The ufetubus barely misses you. The ufetubus hits you.
The ufetubus closely misses you.
You barely miss the ufetubus. The ufetubus closely misses you.
The ufetubus hits you. The ufetubus closely misses you. x2
You barely miss the ufetubus. The ufetubus barely misses you.
The ufetubus completely misses you. The ufetubus hits you. x3
The ufetubus closely misses you.
You miss the ufetubus. The ufetubus barely misses you. The ufetubus hits you.
The ufetubus barely misses you. x2
You are too injured to fight recklessly!
You are too injured to fight recklessly!
You completely miss the ufetubus. The ufetubus closely misses you.
The ufetubus hits you. x2; The ufetubus misses you.
You closely miss the ufetubus. The ufetubus barely misses you.
The ufetubus hits you. The ufetubus barely misses you. x4
You closely miss the ufetubus. The ufetubus hits you.
The ufetubus hits you but does no damage. x2
The ufetubus barely misses you.
You barely miss the ufetubus.
The ufetubus hits you but does no damage.
The ufetubus hits you. The ufetubus barely misses you.
The ufetubus hits you but does no damage.
The ufetubus closely misses you. The ufetubus barely misses you.
You puncture the ufetubus!
You kill the ufetubus!
The orc barely misses you.
You closely miss the orc. The orc closely misses you.
The orc hits you with a +0 hand axe.
You barely miss the orc. The orc closely misses you.
You hit the orc but do no damage. The orc hits you with a +0 hand axe.
* * * LOW HITPOINT WARNING * * *
The orc hits you but does no damage.
There is a stone staircase leading up here.
The orc hits you with a +0 hand axe.
* * * LOW HITPOINT WARNING * * *
You climb upwards.
The gnoll hits you with a +0 halberd!
* * * LOW HITPOINT WARNING * * *
The gnoll hits you with a +0 halberd!
You die...

........#####..####
........##.....#
........##.....##
........##......#
........##......#
..†.....##......##
........##.......#
.......l#######go#
..(........l.gg.@#
........##########
........# #########


You could see a gnoll shaman, 2 gnolls, an orc and a frilled lizard.

Vanquished Creatures
  2 ogres (D:4)
  Jessica (D:3)
  4 adders
  A gnoll (D:3)
  An ufetubus (D:4)
  A worm (D:2)
  A dart slug (D:1)
  3 orcs (D:4)
  6 ball pythons
  4 bats
  3 endoplasms
  2 giant cockroaches
  4 goblins
  2 quokkas
  6 frilled lizards
  9 kobolds
  2 rats
  A spectral kobold (D:2)
53 creatures vanquished.

Notes
Turn   | Place    | Note
-------+----------+-------------------------------------------
     0 | D:1      | crazypyro the Ogre Monk began the quest for the Orb.
     0 | D:1      | Reached XP level 1. HP: 24/24 MP: 1/1
   410 | D:1      | Reached XP level 2. HP: 32/32 MP: 2/2
   472 | D:1      | Found Xubruax's Magic Scroll Boutique.
  1270 | D:2      | Reached XP level 3. HP: 40/40 MP: 3/3
  1409 | D:2      | Found a faded altar of an unknown god.
  1764 | D:2      | Reached XP level 4. HP: 49/49 MP: 4/4
  2277 | D:3      | Noticed Jessica
  2282 | D:3      | Killed Jessica
  2369 | D:3      | Reached skill level 5 in Fighting
  2684 | D:3      | Reached XP level 5. HP: 41/57 MP: 5/5
  2791 | D:4      | Noticed an ogre
  2800 | D:4      | Killed an ogre
  3107 | D:4      | Noticed an ogre
  3117 | D:4      | Killed an ogre
  3118 | D:4      | Reached XP level 6. HP: 22/67 MP: 6/6
  3404 | D:3      | Slain by a gnoll

Illustrated notes

Levels and vault maps discovered:
D:1:      tarquinn_simple_flora_water_c, layout_loops_corners, serial_shops,
          shop
D:2:      layout_loops_cross, dreamdust_ecumenical_altar_drowned_temple
D:3:      layout_basic, mainiacjoe_overflow_large_starburst,
          kennysheep_small_spiral, uniq_jessica
D:4:      layout_cave_pools, nicolae_ossuary_entry_ruins,
          kennysheep_windowed_goal, uniq_robin, uniq_edmund

Skill      XL: |  1  2  3  4 |
---------------+-------------+-----
Maces & Flails | 3 |  3.9
Dodging        | 3 |  3.9
Stealth        | 2 |  2.8
Fighting       | 5 |  5.7

Action                   |  1- 3 |  4- 6 || total
-------------------------+-------+-------++-------
Melee: Mace              |    43 |       ||    43
       Whip              |    60 |    34 ||    94
       Club              |       |    22 ||    22
       Giant club        |       |     7 ||     7
       Giant spiked club |       |    22 ||    22
 Stab: Sleeping          |     6 |     5 ||    11
       Distracted        |     1 |       ||     1
Armor: Robe              |    42 |    28 ||    70
Dodge: Dodged            |    39 |    58 ||    97
